 Dungeon Crawl Stone Soup version 0.32-a0-675-gdc239d62e1 (webtiles) character file.

Game seed: 14989404739707266263

7259 PrettyGoodWithBirds the Skirmisher (level 11, 0/72 HPs)
             Began as a Formicid Wanderer on Mar 11, 2024.
             Was a High Priest of Okawaru.
             Slain by Erica
             ... wielding a +2 scimitar of flaming
              (13 damage)
             ... on level 8 of the Dungeon.
             The game lasted 00:14:21 (8582 turns).

PrettyGoodWithBirds the Skirmisher (FoWn)           Turns: 8582, Time: 00:14:22

Health: 0/72       AC: 10    Str: 18    XL:     11   Next: 33%
Magic:  16/16      EV:  0    Int: 11    God:    Okawaru [*****.]
Gold:   1795       SH:  9    Dex: 17    Spells: 10/10 levels left

rFire   . . .        L - +2 longbow (flame)
rCold   + . .        H - +2 buckler
rNeg    . . .        e - +0 leather armour
rPois   .            (helmet unavailable)
rElec   .            c - +0 cloak
rCorr   .            l - +1 pair of gloves
SInv    +            (no boots)
Will    +....        (no amulet)
Stlth   ++           k - +4 ring of protection
HPRegen 0.32/turn    Q - ring of protection from cold
MPRegen 0.15/turn

%: no passive effects
@: constricted, studying Fighting
A: permanent stasis, dig shafts and tunnels, antennae 3, four strong arms
a: Dig, Shaft Self, Renounce Religion, Heroism, Finesse, Duel


You were on level 8 of the Dungeon.
You worshipped Okawaru.
Okawaru was extremely pleased with you.
You visited 2 branches of the dungeon, and saw 9 of its levels.
You also visited: Sewer and Ossuary.

You collected 2014 gold pieces.
You spent 219 gold pieces at shops.

Inventory:

Hand Weapons
 a - a +2 quarterstaff
 b - a +0 hand axe
 A - a +3 orcbow of draining
 L - a +2 longbow of flaming (weapon)
Missiles
 E - 2 throwing nets
 S - a curare-tipped dart
Armour
 c - a +0 cloak (worn)
 e - a +0 leather armour (worn)
 l - a +1 pair of gloves (worn)
 H - a +2 buckler (worn)
Jewellery
 k - a +4 ring of protection (left hand)
 y - a ring of magical power
 Q - a ring of protection from cold (right hand)
 T - a ring of magical power
 U - a ring of willpower
Wands
 i - a wand of iceblast (7)
 p - a wand of flame (25)
 q - a wand of polymorph (8)
 R - a wand of mindburst (9)
Scrolls
 f - a scroll of blinking {@r4}
 h - 2 scrolls of silence {!r}
 m - 6 scrolls of teleportation {@r3}
 n - 3 scrolls of fog {@r2}
 o - 2 scrolls of brand weapon
 r - 3 scrolls of enchant armour
 s - a scroll of amnesia
 t - 3 scrolls of revelation {unknown}
 v - a scroll of fear
 x - 2 scrolls of vulnerability {!r}
 F - 5 scrolls of poison {unknown}
 G - a scroll of noise {unknown}
 J - a scroll of torment {unknown}
 K - 4 scrolls of identify {@r1}
 M - a scroll of butterflies {unknown}
 N - a scroll of immolation
Potions
 d - a potion of invisibility {unknown}
 g - 2 potions of degeneration {unknown}
 u - 2 potions of might {unknown}
 w - 3 potions of cancellation
 z - a potion of attraction {unknown}
 B - 2 potions of curing {@q2}
 C - 6 potions of haste {@q5}
 D - a potion of resistance {unknown}
 I - a potion of ambrosia {unknown}
 O - 2 potions of mutation {unknown}
 P - a potion of magic {unknown}


   Skills:
 - Level 2.1 Fighting
 - Level 1.0 Axes
 - Level 3.0 Staves
 * Level 12.5 Ranged Weapons
 - Level 1.0 Throwing
 - Level 3.6 Armour
 - Level 2.4 Stealth
 - Level 10.7 Shields
 + Level 7.7 Invocations
 - Level 1.1 Evocations


You had 10 spell levels left.
You didn't know any spells.
Your spell library contained the following spells:

 Spells                   Type           Power      Damage    Failure   Level
 Apportation              Tloc           0%         N/A       45%         1
 Magic Dart               Conj           0%         1d3       45%         1
 Slow                     Hex            0%         N/A       45%         1
 Cigotuvi's Dreadful Rot  Necr/Alch/Air  0%         N/A       58%         2
 Searing Ray              Conj           0%         2d4       58%         2
 Confusing Touch          Hex            0%         N/A       83%         3
 Sigil of Binding         Hex            0%         N/A       83%         3
 Teleport Other           Tloc           0%         N/A       83%         3
 Vampiric Draining        Necr           0%         2d6       83%         3
 Fulminant Prism          Conj/Alch      0%         3d5       99%         4
 Ignite Poison            Fire/Alch      0%         N/A       99%         4
 Passage of Golubria      Tloc           0%         N/A       99%         4
 Borgnjor's Vile Clutch   Necr/Erth      0%         N/A       100%        5
 Freezing Cloud           Conj/Ice/Air   0%         6-21      100%        5
 Animate Dead             Necr           Unusable   N/A       N/A         4
 Death Channel            Necr           Unusable   N/A       N/A         6

Dungeon Overview and Level Annotations

Branches:
Dungeon (8/15)             Temple (1/1) D:5           Sewer (visited)
Ossuary (visited)
   Lair: D:8-11

Altars:
Ashenzari
Cheibriados
Dithmenos
Elyvilon
Fedhas
Gozag
Hepliaklqana
Kikubaaqudgha
Makhleb
Nemelex Xobeh
Okawaru
Qazlal
Ru
Sif Muna
Trog
Uskayaw
Vehumet
Wu Jian
Xom
Yredelemnul
Zin
The Shining One

Shops:
D:2 (   D:5 *

Annotations:
D:2 1 runed translucent door, Crazy Yiuf
D:8 Erica


Innate Abilities, Weirdness & Mutations

You cannot be hasted, slowed, berserked, paralysed or teleported.
You can dig through walls and to a lower floor.
You have a pair of large antennae on your head. (SInv)
Your four strong arms can wield two-handed weapons with a shield.


Message History

Erica screams, "Your blood will spurt and your skin will burst!"
Erica casts a spell at you. The bolt of poison hits you!!
You are poisoned.
You shoot an arrow. The arrow hits Erica.
The arrow burns Erica.
Erica is moderately wounded.
You feel extremely sick.
You are too injured to fight recklessly!
You are too injured to fight recklessly!
Aiming: Mindburst
Press: ? - help, Q - select action, (/) - cycle Shift-Dir - straight line, f/p - Erica
Aim: Erica, wielding a +2 scimitar of flaming and wearing an amulet of reflection (moderately wounded, reflecting blocked projectiles, chance to affect: 51%) Erica's mind is blasted!
You feel very sick. Erica closely misses you. Erica grabs you.
Erica constricts you.
Aiming: Mindburst
Press: ? - help, Q - select action, (/) - cycle Shift-Dir - straight line, f/p - Erica
Aim: Erica, wielding a +2 scimitar of flaming and wearing an amulet of reflection (heavily wounded, constricting you, reflecting blocked projectiles, chance to affect: 51%) Erica's mind is blasted!!
You feel very sick. Erica casts a spell at you. The bolt of poison hits you.
You are more poisoned.
Erica constricts you.
Aiming: Mindburst
Press: ? - help, Q - select action, (/) - cycle Shift-Dir - straight line, f/p - Erica
Aim: Erica, wielding a +2 scimitar of flaming and wearing an amulet of reflection (severely wounded, constricting you, reflecting blocked projectiles, chance to affect: 51%) Erica resists with significant effort.
* * * LOW HITPOINT WARNING * * *
You feel extremely sick.
Erica stares at you and mumbles some strange words.
The bolt of poison hits you!
You are more poisoned.
* * * LOW HITPOINT WARNING * * *
Erica constricts you.
* * * LOW HITPOINT WARNING * * *
You feel better.
Erica hits you with a +2 scimitar of flaming!
You die...
Erica begins burbling mirthfully and uncontrollably.

####...#### #...####......##
###.>...# ....####....##
###......#######..##...#.#
.........#.....#.........#
....######.....#..####.###
.........###'###..)....#
.........#÷....#÷.######
##########.....x......###
###########@...))..# #####
######............)..)#.###...#
.......#####.......)..#..##...#
......## #.......)..##..#...#
......######..........###...).#
..........................)<).#
......######..........#####...#
####### ############ #...#
#...#


You could see Erica (reflecting).

Vanquished Creatures
  Gastronok (D:8)
  Amaemon (D:8)
  Maurice (D:7)
  An orange demon (D:8)
  Prince Ribbit (D:5)
  Sigmund (D:2)
  2 wyverns (D:7)
  Eustachio (D:6)
  4 hogs (D:8)
  A human (D:8)
  Edmund (D:5)
  A water moccasin (D:8)
  4 ice beasts
  A sky beast (D:6)
  2 ogres
  A centaur (D:8)
  A phantom (D:5)
  Blork the orc (D:5)
  2 kobold brigands
  A gnoll sergeant (D:5)
  4 scorpions
  3 wights (D:7)
  A howler monkey (D:5)
  A bombardier beetle (D:2)
  2 bullfrog zombies (Ossuary)
  4 jellies
  2 orc priests (D:8)
  5 hounds
  2 sleepcaps
  3 gnoll boudas
  Terence (D:2)
  5 iguanas
  2 scorpion zombies (D:7)
  5 orc wizards
  3 killer bee zombies
  3 crocodile zombies (Ossuary)
  3 hound zombies (Ossuary)
  8 mummies (Ossuary)
  8 howler monkey zombies (Ossuary)
  9 adders
  30 gnolls
  3 howler monkey skeletons (D:7)
  3 ufetubi
  4 dart slugs
  3 ribbon worms
  19 orcs
  7 endoplasms
  8 giant cockroaches
  9 goblins
  8 hobgoblins
  2 jackals (D:2)
  6 quokkas
  7 ball pythons
  3 ball python zombies (Ossuary)
  5 bats
  4 frilled lizards
  26 kobolds
  28 rats
278 creatures vanquished.

Notes
Turn   | Place    | Note
-------+----------+-------------------------------------------
     0 | D:1      | PrettyGoodWithBirds the Formicid Wanderer began the quest
                  | for the Orb.
     0 | D:1      | PrettyGoodWithBirds set off with the following items: a +2
                  | quarterstaff, a +0 hand axe, a +0 cloak, a potion of
                  | lignification, a +0 leather armour.
     0 | D:1      | Reached XP level 1. HP: 16/16 MP: 1/1
   109 | D:1      | Reached skill level 1 in Ranged Weapons
   153 | D:1      | Reached XP level 2. HP: 22/22 MP: 2/2
   240 | D:1      | Reached skill level 2 in Ranged Weapons
   324 | D:1      | Reached skill level 1 in Shields
   324 | D:1      | Reached XP level 3. HP: 27/27 MP: 3/3
   677 | D:2      | Got Qihugh's Volume of the Traveller
   882 | D:2      | Noticed Terence
   888 | D:2      | Reached skill level 3 in Ranged Weapons
   888 | D:2      | Reached XP level 4. HP: 33/33 MP: 4/4
   894 | D:2      | Killed Terence
   895 | D:2      | Reached XP level 5. HP: 27/38 MP: 5/5
  1022 | D:2      | Found Kubelem's Antique Weapon Boutique.
  1198 | D:2      | Noticed Sigmund
  1214 | D:2      | Killed Sigmund
  1215 | D:2      | Reached skill level 4 in Ranged Weapons
  1215 | D:2      | Reached skill level 5 in Shields
  1215 | D:2      | Reached XP level 6. HP: 40/44 MP: 6/6
  1477 | D:2      | Found a runed translucent door.
  1478 | D:2      | Noticed Crazy Yiuf
  1714 | D:3      | Reached XP level 7. HP: 50/50 MP: 7/7
  1987 | D:4      | Reached skill level 5 in Ranged Weapons
  2676 | D:4      | Found a shimmering altar of Xom.
  2836 | D:2      | Bought a glowing orcbow for 149 gold pieces
  2951 | D:5      | Entered Level 5 of the Dungeon
  3105 | D:5      | Reached skill level 6 in Ranged Weapons
  3105 | D:5      | Reached XP level 8. HP: 56/56 MP: 8/8
  3153 | D:5      | Noticed Edmund
  3162 | D:5      | Killed Edmund
  3238 | D:5      | Found Ezxantox's General Store.
  3244 | D:5      | Bought a potion of heal wounds for 70 gold pieces
  3246 | D:5      | Noticed Blork the orc
  3259 | D:5      | HP: 1/56 [Blork the orc/+0 mace (3)]
  3262 | D:5      | Killed Blork the orc
  3431 | D:5      | Found a glowing drain.
  3445 | Sewer    | Entered a sewer
  3481 | Sewer    | Reached skill level 7 in Ranged Weapons
  4075 | D:5      | Found a staircase to the Ecumenical Temple.
  4097 | Temple   | Entered the Ecumenical Temple
  4272 | D:5      | Noticed Prince Ribbit
  4278 | D:5      | HP: 2/56 [Prince Ribbit (11)]
  4287 | D:5      | Killed Prince Ribbit
  4439 | D:5      | Reached skill level 8 in Ranged Weapons
  4439 | D:5      | Reached XP level 9. HP: 61/61 MP: 9/9
  4601 | D:5      | Found a basalt altar of Yredelemnul.
  4609 | D:5      | Found a hazy altar of Hepliaklqana.
  4616 | D:5      | Found an ornate altar of the Wu Jian Council.
  4623 | D:5      | Found an iron altar of Okawaru.
  4631 | D:5      | Found a hide-covered altar of Uskayaw.
  4638 | D:5      | Became a worshipper of Warmaster Okawaru
  4651 | D:5      | Found a broken altar of Ashenzari.
  4660 | D:5      | Found a bloodstained altar of Trog.
  4917 | D:5      | Reached skill level 1 in Invocations
  5109 | D:5      | Identified 2 scrolls of acquirement
  5109 | D:5      | Acquired 875 gold pieces
  5110 | D:5      | Acquired 587 gold pieces
  5423 | D:6      | Noticed Eustachio
  5429 | D:6      | Killed Eustachio
  5429 | D:6      | Reached * piety under Okawaru
  5430 | D:6      | Reached skill level 9 in Ranged Weapons
  6050 | D:7      | Noticed Maurice
  6066 | D:7      | Killed Maurice
  6066 | D:7      | Reached ** piety under Okawaru
  6067 | D:7      | Reached skill level 1 in Armour
  6067 | D:7      | Reached skill level 10 in Shields
  6067 | D:7      | Reached XP level 10. HP: 67/67 MP: 12/12
  6128 | D:7      | Reached skill level 10 in Ranged Weapons
  6320 | D:7      | Found a sand-covered staircase.
  6339 | Ossuary  | Entered an ossuary
  6657 | Ossuary  | Reached *** piety under Okawaru
  7003 | D:7      | Found a shadowy altar of Dithmenos.
  7003 | D:7      | Found a blossoming altar of Fedhas.
  7075 | D:7      | Reached skill level 5 in Invocations
  7413 | D:7      | Acquired a manual of Fighting
  7414 | D:7      | Acquired a +2 longbow of flaming
  7537 | D:8      | Reached skill level 11 in Ranged Weapons
  7723 | D:8      | Reached **** piety under Okawaru
  7997 | D:8      | Identified the +4 sling of Nickopnu {flame, rN+ Int+5}
  8024 | D:8      | Reached XP level 11. HP: 72/72 MP: 15/15
  8073 | D:8      | Noticed Erica
  8260 | D:8      | Noticed Amaemon
  8288 | D:8      | Killed Amaemon
  8289 | D:8      | Reached skill level 12 in Ranged Weapons
  8506 | D:8      | Noticed Gastronok
  8520 | D:8      | Killed Gastronok
  8520 | D:8      | Reached ***** piety under Okawaru
  8581 | D:8      | HP: 3/72 [constriction (3)]
  8582 | D:8      | Slain by Erica

Illustrated notes

Levels and vault maps discovered:
D:1:      dpeg_arrival_erosion, layout_rooms, kennysheep_nondescript
D:2:      layout_basic, serial_forest, infiniplex_forest_lined_room_,
          infiniplex_forest_end_double, infiniplex_forest_clump_C,
          infiniplex_forest_lined_corner, infiniplex_forest_straight_3,
          infiniplex_forest_straight_1, infiniplex_forest_zigzag_2,
          serial_shops, shop, minmay_hexomino_p4, uniq_sigmund, uniq_terence,
          uniq_crazy_yiuf_cottage
D:3:      layout_basic
D:4:      layout_cave_pools, mainiacjoe_overflow_boulevard
D:5:      layout_basic, grunt_temple_overflow_octagram,
          minmay_temple_entry_butterflies, portal_sewer_entry_f, serial_shops,
          kennysheep_little_box, uniq_blork_the_orc, uniq_prince_ribbit1,
          uniq_edmund
D:6:      layout_loops_ring, kennysheep_generic_room_7, uniq_eustachio
D:7:      layout_basic, gammafunk_temple_overflow_wave,
          mainiacjoe_ossuary_entry_find_the_door, uniq_maurice
D:8:      layout_rooms, grunt_livestock, nicolae_houndstooth_variations,
          uniq_amaemon, uniq_erica, uniq_gastronok
Temple:   minmay_temple_forest_path

Skill      XL: |  1  2  3  4  5  6  7  8  9 10 11 |
---------------+----------------------------------+-----
Ranged Weapons | 1 2 3 4 6 8 9 11 12 | 12.5
Shields        | 1 2 3 5 7 8 10 | 10.7
Invocations    | 3 6 7 |  7.7
Armour         | 1 3 |  3.6
Fighting       | |  2.1
Axes           | |  1.0
Staves         | |  3.0
Throwing       | |  1.0
Stealth        | |  2.4
Evocations     | |  1.1

Action                     |  1- 3 |  4- 6 |  7- 9 | 10-12 || total
---------------------------+-------+-------+-------+-------++-------
  Melee: Quarterstaff      |    80 |    76 |   103 |       ||   259
         Unarmed           |       |       |    11 |       ||    11
   Fire: Orcbow            |       |       |   245 |   246 ||   491
         Longbow           |       |       |       |   118 ||   118
  Evoke: Wand              |       |       |       |     6 ||     6
    Use: Potion            |       |       |     3 |     3 ||     6
         Scroll            |       |       |    12 |     6 ||    18
 Armour: Leather armour    |    60 |     4 |    77 |   142 ||   283
         Plate armour      |       |    41 |    90 |       ||   131
         Skin              |       |       |    62 |       ||    62
  Dodge: Dodged            |    57 |    15 |    87 |    89 ||   248
  Block: Buckler           |    11 |    13 |    78 |    94 ||   196

Table legend: (Time is in decaauts)
 A = Elapsed time spent in this place.
 B = Non-inter-level travel time spent in this place.
 C = Inter-level travel time spent in this place.
 D = Time resting spent in this place.
 E = Time spent auto-exploring this place.
 F = Levels seen in this place.
 G = Mean time per level.
                   A        B        C        D        E       F      G
               +--------+--------+--------+--------+--------+-----+--------+
         Total |   8734 |   8102 |    632 |    732 |   5667 |  11 |  794.0 |
       Dungeon |   7521 |   7013 |    508 |    732 |   4903 |   8 |  940.1 |
        Temple |    123 |      0 |    123 |      0 |      0 |   1 |  123.0 |
         Sewer |    620 |    620 |      0 |      0 |    498 |   1 |  620.0 |
       Ossuary |    469 |    469 |      0 |      0 |    265 |   1 |  469.0 |
               +--------+--------+--------+--------+--------+-----+--------+

Top non-repeatable levels by time:
     D:5: 1503 daAuts
     D:8: 1179 daAuts
     D:2: 1053 daAuts
     D:7: 963 daAuts
     D:6: 878 daAuts
     D:4: 833 daAuts
   Sewer: 620 daAuts
     D:1: 573 daAuts
     D:3: 537 daAuts
 Ossuary: 469 daAuts
  Temple: 123 daAuts
